 Dungeon Crawl Stone Soup version 0.18.1-48-g4cf74bf (webtiles) character file.

104 WarriorsX the Magician (level 4, -4/27 HPs)
             Began as a High Elf Air Elementalist on Sept 1, 2016.
             Slain by an orc
             ... wielding a +0 whip
              (5 damage)
             ... on level 2 of the Dungeon on Sept 13, 2016.
             The game lasted 00:12:49 (3725 turns).

WarriorsX the Magician (High Elf Air Elementalist)  Turns: 3725, Time: 00:12:50

Health: -4/27      AC:  3    Str:  7    XL:     4   Next: 52%
Magic:  3/12       EV: 13    Int: 19    God:
Gold:   71         SH:  0    Dex: 16    Spells: 1 memorised, 12 levels left

rFire  . . .     SeeInvis .     (no weapon)
rCold  . . .     Gourm    .     a - +0 robe
rNeg   . . .     Faith    .     (no shield)
rPois  .         Spirit   .     (no helmet)
rElec  .         Dismiss  .     (no cloak)
rCorr  .         Reflect  .     d - +0 pair of gloves
SustAt .         Harm     .     (no boots)
MR     .....                    (no amulet)
Stlth  ++........               (no ring)
                                (no ring)

@: not resistant to hostile enchantments, unstealthy
A: no striking features
a: no special abilities


You were on level 2 of the Dungeon.
You were very hungry.

You visited 1 branch of the dungeon, and saw 3 of its levels.

You collected 71 gold pieces.

Inventory:

Armour
 a - a +0 robe (worn)
 d - a +0 pair of gloves (worn)
Scrolls
 e - a scroll of magic mapping {unknown}
 g - a scroll of teleportation {unknown}
 m - 2 scrolls of identify {unknown}
Potions
 h - 2 potions of curing {unknown}
 i - 2 potions of heal wounds {unknown}
 l - 2 potions of agility {unknown}
 p - a potion of lignification {unknown}
 q - 2 potions of invisibility {unknown}
Books
 b - a book of Air

   Spells                             Type                      Level
   a - Shock                          Conjuration/Air              1
   b - Swiftness                      Charms/Air                   2
   c - Repel Missiles                 Charms/Air                   2
   d - Static Discharge               Conjuration/Air              3
   e - Lightning Bolt                 Conjuration/Air              5
 n - a book of Conjurations

   Spells                             Type                      Level
   a - Magic Dart                     Conjuration                  1
   b - Searing Ray                    Conjuration                  2
   c - Dazzling Spray                 Conjuration/Hexes            3
   d - Fulminant Prism                Conjuration/Hexes            4
   e - Iskenderun's Mystic Blast      Conjuration                  4
   f - Iskenderun's Battlesphere      Conjuration/Charms           5
Comestibles
 c - 4 bread rations
 f - 2 meat rations
 k - a beef jerky


   Skills:
 - Level 2.1 Dodging
 - Level 2.1 Stealth
 + Level 5.4 Spellcasting
 - Level 1.1 Conjurations
 - Level 3.6 Air Magic


You had 12 spell levels left.
You knew the following spells:

 Your Spells              Type           Power        Failure   Level  Hunger
a - Shock                 Conj/Air       ##..         6%          1    None


Dungeon Overview and Level Annotations

Branches:
Dungeon (3/15)

Altars:
Xom
Yredelemnul
Zin


Message History

Confirm with . or Enter, or press ? or * to list all spells.
Aiming: Shock
Press: ? - help, Shift-Dir - straight line, f/p - orc wizard
Aim: an orc wizard, wielding a dagger and wearing a robe (moderately wounded, fast)
The zap misses the orc wizard.
The orc wizard hits you with a dagger. The orc hits you with a whip.
* * * LOW HITPOINT WARNING * * *
The orc closely misses you.
The orc wizard hits you but does no damage.
The orc hits you with a mace.
* * * LOW HITPOINT WARNING * * *
Unknown command.
Unknown command.
Casting: Shock
Confirm with . or Enter, or press ? or * to list all spells.
Aiming: Shock
Press: ? - help, Shift-Dir - straight line, f/p - orc wizard
Aim: an orc wizard, wielding a dagger and wearing a robe (moderately wounded, fast)
The zap misses the orc wizard.
The orc hits you with a whip.
You die...

#.#.# #.#.#
##.#########.# #.#.#
#.#.# #.........##.#
#.#.# #.#.#
#.........##.# #.#.#
#...# #.........##.#
#.#.# ##..#
#.........##.# #.#.#
#..# #.........##.#
#.#.# #..#
#.........##.. #.#.#
#oo###.........####
#.#.#
#o@o.....####### #
#.#.##############
####
#.#..............###
#...
#.#####...#####....#
#.## #### #.# #...#
#....# #รท# ...# #.#
#...# #....# #.#
...# #.#
#...######'### #.#
...# #.#
#...#[......# #.#
...# #.#
#...#..####.#####.#


You could see an orc wizard and 3 orcs.

Vanquished Creatures
  3 adders (D:2)
  An ooze (D:1)
  A worm (D:2)
  A giant gecko (D:2)
  4 giant cockroaches
  9 goblins
  7 hobgoblins
  8 jackals (D:2)
  6 kobolds
  A quokka (D:2)
  4 ball pythons
  7 bats
  4 giant newts
  9 rats
65 creatures vanquished.

Notes
Turn   | Place    | Note
--------------------------------------------------------------
     0 | D:1      | WarriorsX the High Elf Air Elementalist began the quest for the Orb.
     0 | D:1      | Reached XP level 1. HP: 11/11 MP: 4/4
   153 | D:1      | Reached skill level 3 in Spellcasting
   455 | D:1      | Reached XP level 2. HP: 14/17 MP: 2/7
  1700 | D:1      | Reached skill level 4 in Spellcasting
  1700 | D:1      | Reached XP level 3. HP: 21/21 MP: 4/9
  1811 | D:2      | Found a shimmering altar of Xom.
  2162 | D:2      | Reached XP level 4. HP: 26/27 MP: 4/11
  2194 | D:2      | Reached skill level 5 in Spellcasting
  2288 | D:2      | Found a basalt altar of Yredelemnul.
  2738 | D:2      | Found a glowing silver altar of Zin.
  3724 | D:2      | HP: 1/27 [orc/mace (4)]
  3725 | D:2      | Slain by an orc

Skill      XL: |  1  2  3  4 |
---------------+-------------+-----
Spellcasting   | 3 4 5 |  5.4
Dodging        | |  2.1
Stealth        | |  2.1
Conjurations   | |  1.1
Air Magic      | |  3.6

Action                   |  1- 3 |  4- 6 || total
-------------------------+-------+-------++-------
Melee: Unarmed           |     3 |     1 ||     4
 Cast: Shock             |    88 |    72 ||   160
  Eat: Chunk             |     4 |     2 ||     6
       Fruit             |       |     1 ||     1
Armor: Robe              |    26 |    12 ||    38
Dodge: Dodged            |    48 |    37 ||    85
